 Dungeon Crawl Stone Soup version 0.26-a0-651-gb41185065b (webtiles) character file.

Game seed: 12784286089592592718

10301 Flugslaktarn the Grappler (level 11, 0/109 HPs)
             Began as a Troll Fighter on Oct 27, 2020.
             Was an Initiate of Gozag.
             Slain by an unseen horror (4 damage)
             ... on level 11 of the Dungeon.
             The game lasted 00:05:16 (8333 turns).

Flugslaktarn the Grappler (Troll Fighter)           Turns: 8333, Time: 00:05:17

Health: 0/109      AC:  9    Str: 27    XL:     11   Next: 34%
Magic:  10/10      EV: 12    Int:  4    God:    Gozag
Gold:   2152       SH: 11    Dex: 11    Spells: 10/10 levels left

rFire    + . .     SeeInvis .     - Unarmed
rCold    x . .     Faith    .   b - +0 kite shield
rNeg     . . .     Spirit   .   a - +0 robe
rPois    .         Reflect  .   (helmet restricted)
rElec    .         Harm     .   k - +2 cloak {rCorr}
rCorr    +         Rampage  .   (gloves unavailable)
MR       .....                  (boots unavailable)
Stlth    +++.......             (no amulet)
HPRegen  0.68/turn              B - ring of fire (curse)
MPRegen  0.12/turn              p - ring of Shadows {Umbra +Inv Stlth+}

@: wreathed by umbra
A: large, unfitting armour, claws 3, regeneration 1, shaggy fur 1, tough skin 3
a: Potion Petition, Call Merchant, Bribe Branch, Renounce Religion, Evoke
Invisibility


You were on level 11 of the Dungeon.
You worshipped Gozag.
Gozag was most pleased with you.
You visited 1 branch of the dungeon, and saw 11 of its levels.

You collected 2243 gold pieces.
You paid 91 gold pieces to Gozag.

Inventory:

Missiles
 C - 2 throwing nets (quivered)
Armour
 a - a +0 robe (worn)
 b - a +0 kite shield (worn)
 c - a scarf of shadows
   (You found it on level 1 of the Dungeon)
 k - a +2 cloak of preservation (worn)
   (You took it off Crazy Yiuf on level 4 of the Dungeon)
Jewellery
 i - an uncursed ring of see invisible
   (You found it on level 5 of the Dungeon)
 p - the ring of Shadows (right claw) {Umbra +Inv Stlth+}
   (You found it on level 4 of the Dungeon)

   [ring of stealth]

   It lets you turn invisible.
   It makes you more stealthy.
 v - an uncursed ring of poison resistance {unknown}
   (You found it on level 7 of the Dungeon)
 z - an uncursed ring of resist corrosion {unknown}
   (You found it on level 7 of the Dungeon)
 B - a cursed ring of fire (left claw)
   (You found it on level 7 of the Dungeon)
Wands
 g - a wand of digging (1)
   (You took it off Maurice on level 8 of the Dungeon)
 o - a wand of paralysis (23)
   (You found it on level 5 of the Dungeon)
 y - a wand of acid (8)
   (You found it on level 6 of the Dungeon)
Scrolls
 l - 2 scrolls of magic mapping
 m - 2 scrolls of fog
 r - 7 scrolls of identify
 t - 6 scrolls of teleportation
 u - 3 scrolls of immolation
 x - a scroll of remove curse
 D - a scroll of enchant weapon {unknown}
 E - 3 scrolls of fear {unknown}
 G - 4 scrolls of amnesia {unknown}
 H - a scroll of enchant armour
 I - a scroll of vulnerability {unknown}
Potions
 d - 3 potions of might
 e - a potion of berserk rage
 f - a potion of magic
 h - 4 potions of haste
 j - 2 potions of stabbing {unknown}
 n - a potion of lignification {unknown}
 q - 4 potions of curing
 s - 2 potions of cancellation
 w - 9 potions of heal wounds
 A - 2 potions of resistance {unknown}
Miscellaneous
 F - a condenser vane (2/2)
   (You found it on level 10 of the Dungeon)


   Skills:
 + Level 7.0 Fighting
 - Level 6.0 Dodging
 - Level 9.0 Shields
 + Level 10.4 Unarmed Combat
 + Level 2.4 Evocations


You had 10 spell levels left.
You didn't know any spells.
Your spell library was empty.

Dungeon Overview and Level Annotations

Branches:
Dungeon (11/15)            Temple (0/1) D:5            Lair (0/6) D:10
    Orc (0/2) D:11

Altars:
Elyvilon
Fedhas
Gozag
Hepliaklqana
Okawaru
Qazlal
Trog
Uskayaw
Xom
The Shining One

Shops:
D:4 ?[=(}

Annotations:
D:4 1 runed translucent door, Flugslaktarn's ghost, novice HuFi


Innate Abilities, Weirdness & Mutations

You are too large for most types of armour.
You have claws for hands.
Your natural rate of healing is unusually fast.
You are covered in fur. (AC +1)
You have extremely tough skin. (AC +3)


Message History

You swing at nothing.
Something hits you.
* * * LOW HITPOINT WARNING * * *
Unknown command.
Something hits you but does no damage. Something hits you but does no damage.
Something hits you.
* * * LOW HITPOINT WARNING * * *
Something hits you.
* * * LOW HITPOINT WARNING * * *
Something hits you!
* * * LOW HITPOINT WARNING * * *
There is an open door here.
Evoke which item? (* to show all) (? for menu, Esc to quit)
Press: ? - help, Shift-Dir - straight line The bolt of acid hits something!
The acid corrodes something!
Something hits you!
* * * LOW HITPOINT WARNING * * *
Something hits you.
You die...
Your body crumbles into a pile of gold.

#...#....#####....#.
###'###'##...#....#.
#...#........#....#.
#...#........#....#.
#'####..##...#....##
#...##..###'##......
#............#......
#............'......
####@###+######......
#...{.(............##
#..................#.
#..................+.
#..............(...##
#..................#.
##'############....#.
#....# #....#. #....#
+....##


There were no monsters in sight!

Vanquished Creatures
  Harold (D:8)
  Pikel (D:4)
  A cyclops (D:10)
  Maurice (D:8)
  Psyche (D:9)
  Maggie (D:8)
  A kobold demonologist (D:11)
  A vampire (D:10)
  Sigmund (D:4)
  A soldier ant (D:10)
  3 wargs (D:11)
  An acid dragon (D:11)
  2 water moccasins
  2 ice beasts
  5 orc warriors
  2 sky beasts
  4 phantoms
  4 ogres
  2 lemures (D:4)
  9 centaurs
  A crocodile (D:10)
  14 big kobolds
  5 bullfrogs
  2 wyvern skeletons
  A scorpion (D:4)
  4 killer bees
  2 howler monkeys (D:8)
  8 wights
  2 centaur zombies
  A bullfrog zombie (D:10)
  Crazy Yiuf (D:4)
  9 hounds
  5 jellies
  7 orc priests
  Ijyb (D:4)
  2 iguanas
  15 orc wizards
  11 worker ants
  3 hound skeletons (D:4)
  A worker ant zombie (D:10)
  11 adders
  3 gnolls (D:8)
  2 shadow imps (D:9)
  2 white imps
  2 ufetubi
  An adder zombie (D:6)
  2 adder skeletons
  2 worms
  3 leopard geckos
  39 orcs
  7 giant cockroaches
  6 hobgoblins
  12 jackals
  4 quokkas
  5 bats
  4 frilled lizards
  4 goblins
  21 kobolds
  4 rats
273 creatures vanquished.

Notes
Turn   | Place    | Note
-------+----------+-------------------------------------------
     0 | D:1      | Flugslaktarn the Troll Fighter began the quest for the Orb.
     0 | D:1      | Reached XP level 1. HP: 22/22 MP: 0/0
   187 | D:1      | Reached XP level 2. HP: 27/29 MP: 1/1
   567 | D:2      | Reached skill level 3 in Unarmed Combat
   567 | D:2      | Reached XP level 3. HP: 34/36 MP: 2/2
  1236 | D:3      | Reached XP level 4. HP: 45/45 MP: 3/3
  1268 | D:3      | Reached skill level 4 in Unarmed Combat
  1455 | D:4      | Reached XP level 5. HP: 53/53 MP: 4/4
  1492 | D:4      | Noticed Sigmund
  1498 | D:4      | Killed Sigmund
  1498 | D:4      | Reached skill level 5 in Unarmed Combat
  1498 | D:4      | Reached XP level 6. HP: 40/62 MP: 5/5
  1582 | D:4      | Found Noarayni's Armour Shoppe.
  1652 | D:4      | Found Didghoick's Weapon Shoppe.
  1667 | D:4      | Found Ibocimpi's Jewellery Shop.
  1675 | D:4      | Reached skill level 6 in Unarmed Combat
  1753 | D:4      | Noticed Pikel
  1773 | D:4      | Killed Pikel
  1773 | D:4      | Reached skill level 7 in Unarmed Combat
  1773 | D:4      | Reached XP level 7. HP: 50/71 MP: 6/6
  1808 | D:4      | Found the ring of Shadows {Umbra +Inv Stlth+}
  1941 | D:4      | Found a faded altar of an unknown god.
  1943 | D:4      | Found a faded altar of an unknown god.
  1944 | D:4      | Reached skill level 5 in Fighting
  1948 | D:4      | Found an opulent altar of Gozag.
  1950 | D:4      | Found a white marble altar of Elyvilon.
  1952 | D:4      | Found a glowing golden altar of the Shining One.
  1989 | D:4      | Found Meuxziuq's Gadget Boutique.
  2037 | D:4      | Became a worshipper of Gozag Ym Sagoz the Greedy
  2079 | D:4      | Found a runed translucent door.
  2081 | D:4      | Noticed Flugslaktarn's ghost (novice HuFi)
  2118 | D:4      | Found a runed translucent door.
  2119 | D:4      | Noticed Crazy Yiuf
  2225 | D:4      | Found Ketudol's Magic Scroll Shoppe.
  2233 | D:4      | Noticed Ijyb
  2249 | D:4      | Killed Ijyb
  2249 | D:4      | Reached XP level 8. HP: 77/80 MP: 7/7
  2400 | D:4      | Killed Crazy Yiuf
  2438 | D:5      | Entered Level 5 of the Dungeon
  2561 | D:5      | Found a staircase to the Ecumenical Temple.
  2607 | D:5      | Found an iron altar of Okawaru.
  2897 | D:5      | Reached skill level 8 in Unarmed Combat
  3416 | D:6      | Reached skill level 9 in Unarmed Combat
  3709 | D:6      | Noticed a +0 dagger
  3710 | D:6      | Noticed a +0 hand axe
  3713 | D:6      | Found a hide-covered altar of Uskayaw.
  3950 | D:7      | Reached XP level 9. HP: 89/89 MP: 8/8
  5041 | D:8      | Noticed Maurice
  5061 | D:8      | Killed Maurice
  5061 | D:8      | Reached skill level 5 in Dodging
  5061 | D:8      | Reached skill level 5 in Shields
  5190 | D:8      | Noticed Maggie
  5200 | D:8      | Reached XP level 10. HP: 63/98 MP: 9/9
  5214 | D:8      | Killed Maggie
  5257 | D:8      | Noticed Harold
  5278 | D:8      | Killed Harold
  5543 | D:8      | Found a stormy altar of Qazlal.
  5546 | D:8      | Found a hazy altar of Hepliaklqana.
  5549 | D:8      | Found a blossoming altar of Fedhas.
  5586 | D:9      | Found a shimmering altar of Xom.
  5678 | D:9      | Noticed Psyche
  5693 | D:9      | Killed Psyche
  5773 | D:9      | Found a bloodstained altar of Trog.
  6528 | D:10     | Entered Level 10 of the Dungeon
  6998 | D:10     | Noticed a cyclops
  7006 | D:10     | Killed a cyclops
  7006 | D:10     | Reached XP level 11. HP: 106/106 MP: 10/10
  7024 | D:10     | Found a staircase to the Lair.
  7034 | D:10     | Reached skill level 10 in Unarmed Combat
  7167 | D:10     | Reached skill level 1 in Evocations
  7830 | D:11     | Found a staircase to the Orcish Mines.
  8333 | D:11     | HP: 4/109 [something (11)]
  8333 | D:11     | Slain by an unseen horror

Illustrated notes

Levels and vault maps discovered:
D:1:      psy_arrival_spokes, layout_rooms
D:2:      layout_rooms
D:3:      layout_loops_ring, nicolae_overflow_hidden_temple
D:4:      layout_loops_ring, chequers_temple_overflow_minitemple, serial_shops,
          nicolae_shop_stone, shop, shop, nicolae_shop_trees,
          nicolae_shop_temple_entry_statues_fountains, gammafunk_ghost_grave,
          uniq_ijyb, uniq_crazy_yiuf_cottage, uniq_sigmund, uniq_pikel
D:5:      layout_basic, overflow_temple_1_default, minmay_temple_entry_wispy
D:6:      layout_rooms, dancing_weapons_uskayaw
D:7:      layout_loops_ring
D:8:      layout_rooms, grunt_temple_overflow_diamond,
          hangedman_abyss_or_decor_slice, uniq_harold, uniq_maggie, uniq_maurice
D:9:      layout_cave_pods, lightli_temple_of_fire, basic_altar, uniq_psyche
D:10:     layout_roguey, lair_entry_dummy, grunt_ministairs_10
D:11:     layout_gridville, minmay_orc_entry_guard_dogs, special_room
          [special_room_kobold]

Skill      XL: |  1  2  3  4  5  6  7  8  9 10 11 |
---------------+----------------------------------+-----
Unarmed Combat | 3 4 5 7 9 10 | 10.4
Fighting       | 3 4 5 6 7 |  7.0
Dodging        | 5 6 |  6.0
Shields        | 5 9 |  9.0
Evocations     | 2 |  2.4

Action                   |  1- 3 |  4- 6 |  7- 9 | 10-12 || total
-------------------------+-------+-------+-------+-------++-------
Melee: Unarmed           |    84 |    77 |   353 |   452 ||   966
Evoke: Wand              |       |       |       |     1 ||     1
  Use: Scroll            |       |       |    15 |       ||    15
       Potion            |       |       |     1 |       ||     1
 Stab: Sleeping          |     2 |     4 |     8 |    14 ||    28
       Distracted        |       |       |       |     1 ||     1
Armor: Robe              |    19 |    17 |   132 |    97 ||   265
Dodge: Dodged            |    20 |    20 |   160 |   172 ||   372
Block: Kite shield       |    38 |    20 |   196 |   229 ||   483

Table legend: (Time is in decaauts)
 A = Elapsed time spent in this place.
 B = Non-inter-level travel time spent in this place.
 C = Inter-level travel time spent in this place.
 D = Time resting spent in this place.
 E = Time spent auto-exploring this place.
 F = Levels seen in this place.
 G = Mean time per level.
                   A        B        C        D        E       F      G
               +--------+--------+--------+--------+--------+-----+--------+
         Total |   8203 |   7882 |    321 |    286 |   5752 |  11 |  745.7 |
       Dungeon |   8203 |   7882 |    321 |    286 |   5752 |  11 |  745.7 |
               +--------+--------+--------+--------+--------+-----+--------+

Top non-repeatable levels by time:
    D:11: 1021 daAuts
     D:4: 1008 daAuts
     D:7: 949 daAuts
     D:9: 937 daAuts
     D:5: 781 daAuts
    D:10: 718 daAuts
     D:6: 704 daAuts
     D:8: 657 daAuts
     D:3: 604 daAuts
     D:2: 433 daAuts
     D:1: 387 daAuts
